 Dungeon Crawl Stone Soup version 0.31.0-12-g77e489cdc1 (webtiles) character file.

Game seed: 9111882326914115604

84 lordive the Changeling (level 4, -2/32 HPs)
             Began as a Merfolk Shapeshifter on Feb 29, 2024.
             Slain by an orc priest
             ... wielding a +0 flail
              (3 damage)
             ... on level 3 of the Dungeon.
             The game lasted 00:02:07 (1872 turns).

lordive the Changeling (Merfolk Shapeshifter)       Turns: 1872, Time: 00:02:08

Health: -2/32      AC:  2    Str: 14    XL:     4   Next: 45%
Magic:  4/4        EV: 13    Int: 17    God:
Gold:   64         SH:  0    Dex: 13    Spells: 3/3 levels left

rFire   . .          .
                       - Unarmed
rCold   . . .        (no shield)
rNeg    . . .        a - +0 animal skin
rPois   .            (helmet currently unavailable)
rElec   .            (cloak currently unavailable)
rCorr   .            (gloves currently unavailable)
SInv    .            (boots currently unavailable)
Will    .....        (no amulet)
Stlth   +            j - +6 ring of intelligence
HPRegen 0.25/turn    (no ring)
MPRegen 0.09/turn

%: no passive effects
@: beast-form
A: beast (slay +2), (nimble swimmer 2), mertail
a: Begin Untransformation


You were on level 3 of the Dungeon.
You were a hulking beast.
You visited 1 branch of the dungeon, and saw 3 of its levels.

You collected 64 gold pieces.

Inventory:

Armour
 a - a +0 animal skin (worn)
Jewellery
 j - a +6 ring of intelligence (left hand)
 n - a ring of willpower
Talismans
 c - a beast talisman
 d - a flux talisman
Scrolls
 f - 7 scrolls of identify {unknown}
 i - a scroll of poison {unknown}
 k - a scroll of fog {unknown}
 l - a scroll of immolation {unknown}
 m - 2 scrolls of revelation {unknown}
 o - a scroll of fear {unknown}
 p - a scroll of summoning {unknown}
Potions
 b - a potion of lignification
 e - 4 potions of curing {unknown}
 g - a potion of mutation {unknown}
 h - a potion of enlightenment {unknown}


   Skills:
 + Level 1.4 Fighting
 + Level 3.4 Dodging
 + Level 4.5 Unarmed Combat
 + Level 4.8 Shapeshifting


You had 3 spell levels left.
You didn't know any spells.
Your spell library was empty.

Dungeon Overview and Level Annotations

Branches:
Dungeon (3/15)

Altars:
Yredelemnul

Annotations:
D:3 1 runed translucent door


Innate Abilities, Weirdness & Mutations

You are a hulking beast.
Your limbs bulge with bestial killing power. (Slay +2)
((You are very nimble when in or above water. (Stealth+, EV+, Speed+++)))
Your lower body shifts to a powerful aquatic tail in water.


Message History

No target in view!
No target in view!
No target in view!
No target in view!
No target in view!
Things that are here:
a staff of conjuration; a stone
There are monsters nearby!
The orc closely misses you.
The orc priest invokes the aid of Beogh against you.
Beogh smites you!
You closely miss the orc priest. The orc barely misses you.
The orc priest hits you with a +0 flail!
You are too injured to fight recklessly!
You are too injured to fight recklessly!
You are too injured to fight recklessly!
You are too injured to fight recklessly!
You are too injured to fight recklessly!
You are too injured to fight recklessly!
You are too injured to fight recklessly!
You are too injured to fight recklessly!
You are too injured to fight recklessly!
You are too injured to fight recklessly!
You are too injured to fight recklessly!
You are too injured to fight recklessly!
You are too injured to fight recklessly!
You are too injured to fight recklessly!
You are too injured to fight recklessly!
You are too injured to fight recklessly!
Unknown command.
You barely miss the orc. The orc closely misses you.
The orc priest closely misses you.
You closely miss the orc. The orc barely misses you.
The orc priest mumbles some strange prayers to Beogh against you.
Beogh smites you!
* * * LOW HITPOINT WARNING * * *
You barely miss the orc. The orc hits you with a +0 hand axe.
* * * LOW HITPOINT WARNING * * *
The orc priest hits you with a +0 flail.
You die...

#.# #..# #.# #.# #..#
#.# #.# #..# #.#######
#. ###..#####.......#
#.####...........#
#......#########.#
###.###)###.....)..#
#.......##..8...8..##
..#.###.#$..oh....|.#
#.##..#⌠..o........)..#
#.....#$..........###.#
#.###.##..8...8..##
###### #.###........#
..... #..#########...
##### ##...........###
##.#.######## #.#.#


You could see an orc priest and an orc.

Vanquished Creatures
  2 adders (D:2)
  A ribbon worm (D:2)
  2 dart slugs
  An orc (D:3)
  3 ball pythons
  7 bats
  3 endoplasms (D:2)
  A giant cockroach (D:1)
  5 goblins
  9 hobgoblins
  2 quokkas (D:1)
  6 frilled lizards
  A jackal skeleton (D:3)
  7 kobolds
  3 rats
53 creatures vanquished.

Notes
Turn   | Place    | Note
-------+----------+-------------------------------------------
     0 | D:1      | lordive the Merfolk Shapeshifter began the quest for the
                  | Orb.
     0 | D:1      | Reached XP level 1. HP: 15/15 MP: 1/1
   225 | D:1      | Reached XP level 2. HP: 17/21 MP: 2/2
   490 | D:1      | Reached XP level 3. HP: 26/26 MP: 3/3
  1040 | D:2      | Reached XP level 4. HP: 31/32 MP: 4/4
  1575 | D:3      | Found a runed translucent door.
  1576 | D:3      | Noticed a human
  1580 | D:3      | Found a basalt altar of Yredelemnul.
  1872 | D:3      | HP: 1/32 [orc/+0 hand axe (3)]
  1872 | D:3      | Slain by an orc priest

Illustrated notes

Levels and vault maps discovered:
D:1:      tarquinn_simple_flora_water_e, layout_basic
D:2:      minmay_chambers_of_ones, layout_basic
D:3:      cheibrodos_pilgrimage, layout_loops_ring, dk_yredelemnul_ordeal,
          overflow_temple_1_default, uniq_sigmund

Skill      XL: |  1  2  3 |
---------------+----------+-----
Dodging        | 3 |  3.4
Unarmed Combat | 4 |  4.5
Fighting       | |  1.4
Shapeshifting  | |  4.8

Action                     |  1- 3 |  4- 6 || total
---------------------------+-------+-------++-------
  Melee: Unarmed           |    98 |    48 ||   146
         Punch             |     4 |     1 ||     5
   Stab: Sleeping          |     1 |       ||     1
 Armour: Animal skin       |    31 |    28 ||    59
  Dodge: Dodged            |    73 |    27 ||   100
